 Dungeon Crawl Stone Soup version 0.31.0-11-ge490571c62 (webtiles) character file.

Game seed: 12516018283678826402

1001 Ofeo the Trooper (level 8, 0/71 HPs)
             Began as a Minotaur Berserker on Feb 3, 2024.
             Was a Believer of Trog.
             Slain by a two-headed ogre
             ... wielding a +0 giant club
              (10 damage)
             ... on level 5 of the Dungeon.
             The game lasted 00:01:27 (3722 turns).

Ofeo the Trooper (Minotaur Berserker)               Turns: 3722, Time: 00:01:27

Health: 0/71       AC:  3    Str: 25    XL:     8   Next: 0%
Magic:  7/7        EV: 13    Int:  4    God:    Trog [**....]
Gold:   267        SH:  0    Dex:  9    Spells: 7/7 levels left

rFire   . . .        j - +8 hand axe of Xadotei {speed, rN+++ Stlth-}
rCold   . . .        (no shield)
rNeg    + + +        b - +0 animal skin
rPois   .            (helmet restricted)
rElec   .            i - +0 cloak
rCorr   .            (no gloves)
SInv    .            (no boots)
Will    .....        (no amulet) Stlth
                     (no ring)
HPRegen 0.31/turn    (no ring)
MPRegen 0.10/turn

%: no passive effects
@: brilliant
A: horns 2, retaliatory headbutt
a: Renounce Religion, Berserk, Trog's Hand


You were on level 5 of the Dungeon.
You worshipped Trog.
Trog was pleased with you.
You visited 1 branch of the dungeon, and saw 5 of its levels.

You collected 267 gold pieces.

Inventory:

Hand Weapons
 a - a +0 hand axe
 j - the +8 hand axe of Xadotei (weapon) {speed, rN+++ Stlth-}
   (You found it on level 2 of the Dungeon)

   rN+++:     It renders you almost immune to negative energy.
   Stlth-:    It makes you less stealthy.
Missiles
 f - 2 throwing nets (quivered)
Armour
 b - a +0 animal skin (worn)
 i - a +0 cloak (worn)
Jewellery
 e - an amulet of the acrobat
 o - an amulet of magic regeneration
Wands
 l - a wand of mindburst (10)
Scrolls
 c - 4 scrolls of identify {unknown}
 d - a scroll of amnesia {unknown}
 h - a scroll of blinking {unknown}
 m - a scroll of vulnerability {unknown}
 n - a scroll of acquirement {unknown}
 p - a scroll of teleportation {unknown}
Potions
 k - a potion of cancellation {unknown}


   Skills:
 + Level 6.6 Fighting
 + Level 6.6 Axes
 + Level 5.9 Armour
 + Level 5.4 Dodging


You had 7 spell levels left.
You didn't know any spells.
Your spell library was empty.

Dungeon Overview and Level Annotations

Branches:
Dungeon (5/15)
 Temple: D:4-7

Altars:
Gozag
Vehumet
The Shining One

Shops:
D:3 (


Innate Abilities, Weirdness & Mutations

You have a pair of horns on your head.
You reflexively headbutt those who attack you in melee.


Message History

The wyvern bites you!
You take 10 damage, and have 54/64 hp.
You slash the wyvern! You headbutt the wyvern!
The wyvern is almost dead.
You hit the two-headed ogre. The wyvern completely misses you.
You furiously retaliate!
You headbutt the wyvern!
You kill the wyvern!
Trog accepts your kill.
You have reached level 8!
You feel stronger.
You regained 6 hp, and now have 60/71 hp.
MP restored: 7 You slash the two-headed ogre!
The two-headed ogre is moderately wounded.
The two-headed ogre hits you with a +0 giant club! x2
You take 23 damage, and have 37/71 hp.
MASSIVE DAMAGE!!
You are too injured to fight recklessly!
You are too injured to fight recklessly!
You are too injured to fight recklessly!
You are too injured to fight recklessly!
You are too injured to fight recklessly!
You are too injured to fight recklessly!
You are too injured to fight recklessly!
You are too injured to fight recklessly!
You are too injured to fight recklessly!
You are too injured to fight recklessly!
You barely miss the two-headed ogre.
Your headbutt misses the two-headed ogre.
The two-headed ogre is moderately wounded.
You hit the two-headed ogre. You headbutt the two-headed ogre!
The two-headed ogre is heavily wounded.
The two-headed ogre completely misses you.
The two-headed ogre hits you with a +0 giant club!!
* * * LOW HITPOINT WARNING * * *
You take 28 damage, and have 9/71 hp.
MASSIVE DAMAGE!!
You hit the two-headed ogre. You headbutt the two-headed ogre!
The two-headed ogre is severely wounded.
It was a potion of brilliance.
You feel clever all of a sudden.
The two-headed ogre hits you with a +0 giant club!
You die...

......## ####... .>.....#
≈§≈§≈≈≈..§≈§§§≈ #...... .......#
≈≈≈≈≈≈.≈≈.≈§§≈§ #.....# .###...#
§≈§≈≈≈.≈≈§§≈≈≈≈ #....## #.##.#.#
≈≈≈≈≈≈≈)§≈§≈≈§≈ ####.# ##..#..#
§≈≈≈§≈≈.§§≈§≈≈§ ##.## .##....#
§≈§≈≈≈§§.§≈≈≈≈≈ ###..>#
.......##§≈≈≈§≈≈§O§§§≈§§ ##......
........##§§≈≈≈≈@.≈≈§§§≈##.......
.......#.##§≈≈≈§..≈§≈≈§##........
.......##.##≈≈≈≈..≈≈§§##.........
..).....#..##≈≈≈§.≈≈≈###.........
.#..#.......####''####...........
....................###..........
.................................
..........................)......
.................................


You could see a two-headed ogre.

Vanquished Creatures
  A wyvern (D:5)
  Eustachio (D:4)
  A water moccasin (D:5)
  An ice beast (D:5)
  A black bear (D:5)
  A scorpion (D:4)
  A howler monkey (D:4)
  2 bombardier beetles (D:5)
  A hound (D:4)
  2 jellies
  2 iguanas (D:5)
  3 gnolls (D:4)
  5 adders
  2 ufetubi (D:5)
  2 dart slugs
  2 ribbon worms
  An orc (D:5)
  2 ball pythons
  2 endoplasms
  3 giant cockroaches
  3 goblins
  5 hobgoblins
  7 jackals
  5 quokkas
  A frilled lizard (D:2)
  4 kobolds
  A rat (D:1)
62 creatures vanquished.

Notes
Turn   | Place    | Note
-------+----------+-------------------------------------------
     0 | D:1      | Ofeo the Minotaur Berserker began the quest for the Orb.
     0 | D:1      | Reached XP level 1. HP: 19/19 MP: 0/0
   682 | D:2      | Reached XP level 2. HP: 24/26 MP: 1/1
   716 | D:2      | Reached XP level 3. HP: 22/31 MP: 2/2
   873 | D:2      | Identified the +8 hand axe of Xadotei {speed, rN+++ Stlth-}
   890 | D:3      | Found an opulent altar of Gozag.
  1055 | D:3      | Identified the +2 robe "Jicrikly" {rC++ rCorr Str+2 Stlth-}
  1095 | D:3      | Found Adghueczu's Antique Weapon Shoppe.
  1118 | D:4      | Reached XP level 4. HP: 40/40 MP: 3/3
  1118 | D:4      | Reached ** piety under Trog
  1154 | D:4      | Noticed Eustachio
  1175 | D:4      | Killed Eustachio
  1176 | D:4      | Reached skill level 5 in Fighting
  1176 | D:4      | Reached skill level 5 in Axes
  1176 | D:4      | Reached XP level 5. HP: 32/48 MP: 4/4
  1358 | D:4      | Found a glowing golden altar of the Shining One.
  1367 | D:4      | Found a radiant altar of Vehumet.
  1411 | D:4      | Reached XP level 6. HP: 42/56 MP: 5/5
  1960 | D:5      | Entered Level 5 of the Dungeon
  2337 | D:5      | Reached XP level 7. HP: 62/62 MP: 6/6
  2489 | D:5      | Reached skill level 5 in Armour
  2665 | D:5      | Reached skill level 5 in Dodging
  3713 | D:5      | Noticed a wyvern
  3713 | D:5      | Noticed a two-headed ogre
  3717 | D:5      | Killed a wyvern
  3718 | D:5      | Reached XP level 8. HP: 60/71 MP: 7/7
  3722 | D:5      | Slain by a two-headed ogre

Illustrated notes

Levels and vault maps discovered:
D:1:      sevenhm_arrival_forest_fort_small_6, layout_basic
D:2:      layout_basic
D:3:      wad_pebble_path, layout_loops_ring, nicolae_gozag_seed_capital,
          serial_shops, shop, uniq_robin
D:4:      layout_basic, mainiacjoe_overflow_swirl, grunt_ministairs_14,
          uniq_eustachio
D:5:      kennysheep_big_flooded_room, layout_layer_cave

Skill      XL: |  1  2  3  4  5  6  7 |
---------------+----------------------+-----
Fighting       | 4 5 6 |  6.6
Axes           | 4 5 6 |  6.6
Armour         | 3 4 5 |  5.9
Dodging        | 3 4 5 |  5.4

Action                     |  1- 3 |  4- 6 |  7- 9 || total
---------------------------+-------+-------+-------++-------
  Melee: Hand axe          |    47 |    57 |    31 ||   135
         Headbutt          |     4 |     5 |     8 ||    17
    Use: Potion            |     1 |       |     1 ||     2
   Stab: Sleeping          |     1 |       |       ||     1
 Armour: Animal skin       |    33 |    15 |    14 ||    62
  Dodge: Dodged            |    26 |    20 |    19 ||    65
